 Dungeon Crawl Stone Soup version 0.18.1-1-g2f07953 (webtiles) character file.

947 Implojin the Insei (level 7, 0/54 HPs)
             Began as a Mummy Monk on May 6, 2016.
             Slain by a jackal (2 damage)
             ... on level 6 of the Dungeon on May 7, 2016.
             The game lasted 00:39:04 (12175 turns).

Implojin the Insei (Mummy Monk)                    Turns: 12175, Time: 00:39:04

Health: 0/54       AC:  1    Str: 14    XL:     7   Next: 89%
Magic:  16/16      EV: 14    Int: 10    God:
Gold:   272        SH:  0    Dex: 16    Spells: 0 memorised, 6 levels left

rFire  . . .     SeeInvis .       - Unarmed
rCold  . . .     Gourm    .     (no armour)
rNeg   + + +     Faith    .     (no shield)
rPois  ∞         Spirit   .     (no helmet)
rElec  .         Dismiss  .     (no cloak)
rCorr  .         Reflect  .     k - +0 pair of gloves (curse)
SustAt .         Harm     .     (no boots)
MR     .....                    (no amulet)
Stlth  ++........               m - ring of fire
                                f - ring of magical power

@: very slightly contaminated, not resistant to hostile enchantments, unstealthy
A: no food or potions, fire vulnerability, cold resistance 1, negative energy
resistance 3, torment resistance, unbreathing
a: no special abilities


You were on level 6 of the Dungeon.
You were not hungry.

You visited 1 branch of the dungeon, and saw 6 of its levels.

You collected 272 gold pieces.

Inventory:

Armour
 k - a cursed +0 pair of gloves (worn)
Jewellery
 f - a ring of magical power (left hand)
 m - a ring of fire (right hand)
 n - an uncursed amulet of dismissal {unknown}
 q - an uncursed amulet of rage {unknown}
Scrolls
 a - 2 scrolls of fog
 c - a scroll of enchant weapon
 d - 4 scrolls of teleportation
 e - 2 scrolls of remove curse
 i - 2 scrolls of magic mapping
 j - a scroll of random uselessness {unknown}
 l - a scroll of amnesia {unknown}
 o - a scroll of recharging {unknown}
Books
 b - a book of Geomancy

   Spells                             Type                      Level
   a - Sandblast                      Earth                        1
   b - Passwall                       Transmutation/Earth          2
   c - Stone Arrow                    Conjuration/Earth            3
   d - Petrify                        Transmutation/Earth          4
   e - Lee's Rapid Deconstruction     Earth                        5
Comestibles
 g - 6 bread rations (quivered)
 p - a royal jelly
 r - 2 fruits


   Skills:
 - Level 4.0 Fighting
 - Level 3.4 Dodging
 - Level 1.5 Stealth
 * Level 7.6 Unarmed Combat


You had 6 spell levels left.
You didn't know any spells.

Dungeon Overview and Level Annotations

Branches:
Dungeon (6/15)
 Temple: D:4-7

Altars:
Ashenzari
Dithmenos
Fedhas
Nemelex Xobeh
Pakellas
Qazlal
Sif Muna
Vehumet

Shops:
D:5 (

Annotations:
D:3 exclusions: 2 downstairs and 8 more exclusions


Innate Abilities, Weirdness & Mutations

You do not eat or drink.
Your flesh is vulnerable to fire.
You are immune to poison.
Your flesh is cold resistant.
You are immune to negative energy.
You are immune to unholy pain and torment.
You can survive without breathing.


Message History

* * * LOW HITPOINT WARNING * * *
The gnoll barely misses you.
A worker ant comes into view.
Unknown command.
You tear a large gash into the net.
The gnoll sergeant hits you from afar with a spear of freezing.
* * * LOW HITPOINT WARNING * * *
The gnoll sergeant freezes you.
* * * LOW HITPOINT WARNING * * *
The gnoll closely misses you.
Read which item? (? for menu, Esc to quit)
Okay, then.
Read which item? (? for menu, Esc to quit)
Blink to where?
Press: ? - help, Dir - move target cursor You are very lightly contaminated with residual magic.
As you read the scroll of blinking, it crumbles to dust.
Found 3 scrolls of teleportation.
You see here 3 scrolls of teleportation.
d - 4 scrolls of teleportation (gained 3)
Your surroundings suddenly seem different.
An orc warrior comes into view. It is wielding a halberd.
The orc warrior shouts!
Found a scroll of identify.
A jackal and an orc wizard come into view.
The orc wizard shouts!
The jackal barely misses you.
Found an oddly glowing altar of Pakellas.
The jackal closely misses you. The jackal bites you.
* * * LOW HITPOINT WARNING * * *
The jackal misses you. The jackal misses you.
The orc wizard casts a spell at you. The magic dart hits you!
* * * LOW HITPOINT WARNING * * *
The orc wizard casts a spell at you. The puff of frost hits you!
* * * LOW HITPOINT WARNING * * *
The jackal bites you.
You die...

#.............###......
...........#......#...
###..........o.......
..
..............#.....# .
#.##...........#.#....#
..........o...#...#...
#..........#.._..#..
##......h.#.......
#......@#########
##.............
#...).....####
##...........
##..<........
########.... .... ...


You could see an orc warrior, an orc wizard and a jackal.

Vanquished Creatures
  The ghost of HunfridMar the Ruffian, a weakling NaMo (D:3)
  3 howler monkeys
  A crimson imp (D:5)
  A giant frog zombie (D:5)
  2 hounds (D:5)
  4 jellies
  An orc priest (D:3)
  2 iguanas
  2 giant frog skeletons
  4 orc wizards
  2 worker ants
  7 adders
  2 river rats (D:5)
  An adder skeleton (D:5)
  4 worms
  2 dart slugs
  4 giant geckos
  16 orcs
  6 bats
  7 giant cockroaches
  11 hobgoblins
  11 jackals
  2 quokkas (D:5)
  A ball python (D:4)
  A giant gecko skeleton (D:5)
  6 giant newts
  12 goblins
  A jackal skeleton (D:4)
  7 kobolds
  17 rats
141 creatures vanquished.

Vanquished Creatures (others)
  5 toadstools (D:1)
5 creatures vanquished.

Grand Total: 146 creatures vanquished

Notes
Turn   | Place    | Note
--------------------------------------------------------------
     0 | D:1      | Implojin the Mummy Monk began the quest for the Orb.
     0 | D:1      | Reached XP level 1. HP: 18/18 MP: 1/1
   653 | D:1      | Reached XP level 2. HP: 24/24 MP: 2/2
  1579 | D:2      | Reached skill level 4 in Unarmed Combat
  1831 | D:2      | Reached XP level 3. HP: 16/29 MP: 3/3
  3129 | D:2      | Found a sparkling altar of Nemelex Xobeh.
  3396 | D:3      | Reached XP level 4. HP: 29/35 MP: 4/4
  3686 | D:3      | Found a shadowy altar of Dithmenos.
  4105 | D:3      | Noticed HunfridMar's ghost (weakling NaMo)
  4696 | D:3      | Reached skill level 5 in Unarmed Combat
  5406 | D:4      | Found a deep blue altar of Sif Muna.
  5424 | D:4      | Reached XP level 5. HP: 21/41 MP: 5/5
  5767 | D:3      | Killed HunfridMar's ghost
  5946 | D:3      | Reached skill level 4 in Fighting
  6665 | D:3      | Reached XP level 6. HP: 43/48 MP: 6/6
  7126 | D:4      | Found a shattered altar of Ashenzari.
  7204 | D:4      | Found a stormy altar of Qazlal.
  7393 | D:4      | Found a blossoming altar of Fedhas.
  7751 | D:3      | Reached skill level 6 in Unarmed Combat
  7916 | D:4      | Found a radiant altar of Vehumet.
  7942 | D:5      | Entered Level 5 of the Dungeon
 10070 | D:5      | Found Nakk's Antique Weapon Boutique.
 10086 | D:5      | Reached skill level 3 in Dodging
 10086 | D:5      | Reached XP level 7. HP: 49/54 MP: 7/7
 11149 | D:5      | Reached skill level 7 in Unarmed Combat
 12166 | D:6      | Found an oddly glowing altar of Pakellas.
 12175 | D:6      | HP: 2/54 [orc wizard/puff of frost (4)]
 12175 | D:6      | Slain by a jackal

Skill      XL: |  1  2  3  4  5  6  7 |
---------------+----------------------+-----
Unarmed Combat | 4 5 6 7 |  7.6
Fighting       | 4 |  4.0
Dodging        | 3 |  3.4
Stealth        | |  1.5

Action                   |  1- 3 |  4- 6 |  7- 9 || total
-------------------------+-------+-------+-------++-------
Melee: Unarmed           |   150 |   376 |   129 ||   655
       Punch             |     2 |    10 |     4 ||    16
  Use: Scroll            |       |     9 |     3 ||    12
 Stab: Sleeping          |     5 |     2 |       ||     7
       Distracted        |       |     1 |       ||     1
Armor: Skin              |       |    20 |     8 ||    28
Dodge: Dodged            |    74 |   187 |    77 ||   338

Table legend:
 A = Turns spent in this place as a percentage of turns spent in the entire game.
 B = Non-inter-level travel turns spent in this place as a percentage of non-inter-level travel turns spent in the entire game.
 C = Inter-level travel turns spent in this place as a percentage of turns spent in this place.
 D = Turns resting spent in this place as a percentage of non-inter-level travel turns spent in this place.
 E = Turns spent auto-exploring this place as a percentage of non-inter-level travel turns spent in this place.
 F = Non-inter-level travel turns spent in this place divided by the number of levels of this place that you've seen.
                   A       B       C       D       E      F
               +-------+-------+-------+-------+-------+----------------------
         Total | 100.0 | 100.0 |   0.5 |   3.9 |   2.3 | 747.0
       Dungeon | 100.0 | 100.0 |   0.5 |   3.9 |   2.3 | 747.0
               +-------+-------+-------+-------+-------+----------------------

Table legend:
 A = Kills in this place as a percentage of kills in entire the game.
 B = Kills by you in this place as a percentage of kills by you in the entire game.
 C = Kills by friends in this place as a percentage of kills by friends in the entire game.
 D = Other kills in this place as a percentage of other kills in the entire game.
 E = Experience gained in this place as a percentage of experience gained in the entire game.
 F = Experience gained in this place divided by the number of levels of this place that you have seen.
                   A       B       C       D       E      F
               +-------+-------+-------+-------+-------+----------------------
         Total | 100.0 | 100.0 |  -nan |  -nan | 100.0 | 225.5
       Dungeon | 100.0 | 100.0 |  -nan |  -nan | 100.0 | 225.5
               +-------+-------+-------+-------+-------+----------------------
